 Dungeon Crawl Stone Soup version 0.21-a0-154-gb5400c9 (webtiles) character file.

12419 KristoblXynda the Grappler (level 11, -5/94 HPs)
             Began as a Troll Fighter on Aug 2, 2017.
             Was a High Priest of Cheibriados.
             Slain by a rakshasa (illusionary)
             ... wielding a +0 trident
              (6 damage)
             ... on level 10 of the Dungeon.
             The game lasted 00:20:10 (8613 turns).

KristoblXynda the Grappler (Troll Fighter)          Turns: 8613, Time: 00:20:11

Health: -5/94      AC:  9    Str: 38      XL:     11   Next: 62%
Magic:  0/14       EV: 11    Int: 22      God:    Cheibriados [*****.]
Gold:   84         SH: 13    Dex: 20 (21) Spells: 10/10 levels left

rFire    . . .     SeeInvis .     - Unarmed
rCold    . . .     Gourm    +   b - +0 shield
rNeg     . . .     Faith    .   F - +0 acid dragon scales
rPois    .         Spirit   +   (helmet restricted)
rElec    .         Reflect  .   u - scarf {Spirit}
rCorr    +         Harm     .   (gloves unavailable)
MR       .....                  (boots unavailable)
Stlth    +.........             (no amulet)
HPRegen  0.65/turn              j - +3 ring of intelligence
MPRegen  0.14/turn              (no ring)

@: drained, very slow
A: unfitting armour, claws 3, fast metabolism 3, gourmand, regeneration 1,
shaggy fur 1, tough skin 2
a: Bend Time, Temporal Distortion, Slouch, Step From Time, Renounce Religion


You were on level 10 of the Dungeon.
You worshipped Cheibriados.
Cheibriados was extremely pleased with you.
You were very full.

You visited 1 branch of the dungeon, and saw 10 of its levels.
You also visited: Ossuary.

You collected 685 gold pieces.
You spent 601 gold pieces at shops.

Inventory:

Missiles
 l - 4 large rocks (quivered)
Armour
 b - a +0 shield (worn)
 u - a scarf of spirit shield (worn)
 F - +0 acid dragon scales (worn)
Jewellery
 j - a +3 ring of intelligence (left claw)
Wands
 a - a wand of confusion (21/48)
 w - a wand of disintegration (16/24)
 B - a wand of scattershot (6/9)
 C - a wand of digging (9/24)
Scrolls
 h - 2 scrolls of fear
 i - 4 scrolls of teleportation
 k - 8 scrolls of remove curse
 r - 2 scrolls of enchant armour
 s - a scroll of fog
 H - a scroll of immolation
Potions
 c - a potion of experience {unknown}
 e - a potion of heal wounds
 g - a potion of berserk rage {unknown}
 m - 3 potions of invisibility
 n - 2 potions of lignification
 o - 5 potions of curing
 p - 2 potions of mutation
 v - 2 potions of agility
 x - a potion of resistance {unknown}
 z - 2 potions of magic
 A - a potion of brilliance {unknown}
Books
 D - a book of Callings

   Spells                             Type                      Level
   a - Summon Small Mammal            Summoning                    1
   b - Call Imp                       Summoning                    2
   c - Call Canine Familiar           Summoning                    3
   d - Summon Guardian Golem          Hexes/Summoning              3
   e - Summon Lightning Spire         Summoning/Air                4
   f - Summon Ice Beast               Ice/Summoning                4
Miscellaneous
 G - a sack of spiders
Comestibles
 d - 11 bread rations
 f - 15 fruits
 q - 8 meat rations
 t - 9 royal jellies


   Skills:
 - Level 2.4(2.2) Fighting
 + Level 2.0(1.8) Armour
 - Level 3.3(3.1) Dodging
 + Level 9.5(9.3) Shields
 + Level 11.0(10.8) Unarmed Combat
 - Level 6.0(5.7) Invocations
 - Level 5.5(5.2) Evocations


You had 10 spell levels left.
You didn't know any spells.

Dungeon Overview and Level Annotations

Branches:
Dungeon (10/15)            Temple (0/1) D:4            Lair (0/6) D:9
    Orc: D:9-12

Altars:
Ashenzari
Cheibriados
Dithmenos
Kikubaaqudgha
Makhleb
Nemelex Xobeh
Ru
Uskayaw
Wu Jian

Shops:
D:4 (   D:6 !   D:7 *   D:10 :


Innate Abilities, Weirdness & Mutations

You are too large for most types of armour.
You have claws for hands.
Your metabolism is lightning-fast.
You like to eat raw meat.
Your natural rate of healing is unusually fast.
You are covered in fur. (AC +1)
You have very tough skin. (AC +2)


Message History

The orc sorcerer shimmers and seems to become two!
The rakshasa hits you from afar with a trident.
* * * LOW HITPOINT WARNING * * *
Unknown command.
Charge which item? (? for menu, Esc to quit)
As you read the scroll of recharging, it crumbles to dust.
Your wand of scattershot (?/9) {empty} glows for a moment.
The orc sorcerer mumbles some strange words.
The rakshasa barely misses you.
The rakshasa hits you from afar with a trident!
* * * LOW HITPOINT WARNING * * *
The rakshasa blinks!
Okay, then.
As you read the scroll of fog, it crumbles to dust.
The scroll dissolves into smoke.
The orc sorcerer mumbles some strange words.
The rakshasa hits you from afar with a trident!
* * * LOW HITPOINT WARNING * * *
The rakshasa hits you from afar with a trident.
You die...

...# #.#####.....# #..#. ...#
#.#......##.#######..#.
...########.#..................#.
...'.......>#).)....#.########.#.
...###..............#. #######.#.
######..............#. #......<#.
.[..............§...#. #.####.##.
######........§§§§..#. #.......
#......o.oo@§..#. ##.#.#..
#........§§§§R.#######.#.#..
#....4.4.R§..........#.#.#..
#.............####..........
#########'#.#####.........[.#.#..
#................................
#...........#######.......#####.#
#...†.).....# ###......))...#
#...........# #..##.#######


You could see 2 rakshasas, a rust devil and 3 orc sorcerers.

Vanquished Creatures
  An ogre mage (D:10)
  Erica (D:8)
  3 two-headed ogres
  Pikel (D:4)
  The ghost of KristoblXynda the Poker, a novice NaGl of Yredelemnul (D:5)
  An orc knight (D:10)
  An orc sorcerer (D:10)
  A hippogriff (D:9)
  12 yaks
  A human (D:8)
  3 hogs (D:8)
  2 basilisks (D:9)
  An acid dragon (D:10)
  A water moccasin (D:10)
  Duvessa (D:7)
  3 orc warriors
  A hornet zombie (D:10)
  An ice beast (D:6)
  A sky beast (D:10)
  3 phantoms
  2 necrophages
  4 ogres
  3 centaurs
  A crocodile (D:10)
  9 bullfrogs
  A water moccasin zombie (D:8)
  Dowan (D:7)
  2 scorpions
  A water moccasin skeleton (D:6)
  5 killer bees (D:7)
  8 wights
  2 howler monkeys (D:8)
  3 crimson imps
  A centaur zombie (D:4)
  4 jellies
  A quasit (D:10)
  7 hounds
  2 orc priests
  6 orc wizards
  4 iguanas
  A bullfrog skeleton (D:5)
  8 worker ants
  A big kobold zombie (Ossuary)
  8 mummies (Ossuary)
  6 gnolls
  9 adders
  4 river rats (D:5)
  A shadow imp (D:9)
  An ooze (D:1)
  An adder skeleton (D:4)
  3 worms
  3 dart slugs
  9 leopard geckos
  26 orcs
  9 giant cockroaches
  2 goblins (D:2)
  13 hobgoblins
  4 jackals (D:5)
  9 kobolds
  3 quokkas
  A ball python (D:3)
  A bat (D:2)
  3 frilled lizards
  3 gnoll zombies (Ossuary)
  2 goblin zombies (D:5)
  A jackal skeleton (D:5)
  2 kobold zombies (Ossuary)
  2 orc zombies (Ossuary)
  3 rats
246 creatures vanquished.

Vanquished Creatures (others)
  A worker ant (D:4)
  4 jackals (D:4)
5 creatures vanquished.

Grand Total: 251 creatures vanquished

Notes
Turn   | Place    | Note
-------+----------+-------------------------------------------
     0 | D:1      | KristoblXynda the Troll Fighter began the quest for the Orb.
     0 | D:1      | Reached XP level 1. HP: 22/22 MP: 0/0
   116 | D:1      | Reached XP level 2. HP: 29/29 MP: 1/1
   610 | D:1      | Reached XP level 3. HP: 36/36 MP: 2/2
   720 | D:2      | Found a faded altar of an unknown god.
   861 | D:2      | Found a hide-covered altar of Uskayaw.
  1033 | D:2      | Found an ancient bone altar of Kikubaaqudgha.
  1271 | D:3      | Reached XP level 4. HP: 41/44 MP: 3/3
  1527 | D:3      | Reached skill level 3 in Unarmed Combat
  1678 | D:3      | Found a snail-covered altar of Cheibriados.
  1706 | D:3      | Became a worshipper of Cheibriados the Contemplative
  1887 | D:4      | Noticed a slave
  1890 | D:4      | Noticed Pikel
  1892 | D:4      | Noticed a slave
  1893 | D:4      | Reached XP level 5. HP: 49/50 MP: 4/4
  1894 | D:4      | Noticed a slave
  1895 | D:4      | Noticed a slave
  1905 | D:4      | Killed Pikel
  1905 | D:4      | Reached skill level 4 in Unarmed Combat
  1905 | D:4      | Reached XP level 6. HP: 47/59 MP: 4/7
  1905 | D:4      | Reached XP level 7. HP: 53/66 MP: 4/8
  2065 | D:4      | Found Menwi's Weapon Shoppe.
  2113 | D:4      | Found a sacrificial altar of Ru.
  2144 | D:4      | Found a staircase to the Ecumenical Temple.
  2254 | D:4      | Reached skill level 5 in Unarmed Combat
  2636 | D:4      | Reached * piety under Cheibriados
  2934 | D:5      | Entered Level 5 of the Dungeon
  2978 | D:5      | Found a sand-covered staircase.
  2995 | Ossuary  | Entered an ossuary
  3058 | Ossuary  | Reached skill level 5 in Shields
  3329 | D:5      | Reached XP level 8. HP: 74/74 MP: 9/9
  3351 | D:5      | Found a burning altar of Makhleb.
  3545 | D:5      | Reached skill level 6 in Unarmed Combat
  3582 | D:5      | Noticed KristoblXynda's ghost (novice NaGl)
  3599 | D:5      | Killed KristoblXynda's ghost
  3633 | D:5      | Reached skill level 5 in Invocations
  3790 | D:5      | Reached ** piety under Cheibriados
  3962 | D:5      | Found an ornate altar of the Wu Jian Council.
  4173 | D:6      | Reached skill level 7 in Unarmed Combat
  4219 | D:6      | Reached XP level 9. HP: 80/80 MP: 10/12
  4501 | D:6      | Found Zidat's Distillery.
  4509 | D:6      | Bought a potion of mutation for 88 gold pieces
  4509 | D:6      | Bought a potion of degeneration for 11 gold pieces
  4570 | D:6      | Reached *** piety under Cheibriados
  4695 | D:7      | Noticed Duvessa
  4695 | D:7      | Noticed Dowan
  4703 | D:7      | Killed Dowan
  4714 | D:7      | Killed Duvessa
  4714 | D:7      | Reached skill level 8 in Unarmed Combat
  4714 | D:7      | Reached skill level 1 in Evocations
  4894 | D:7      | Found Sisuruq's General Store.
  4946 | D:7      | Bought a potion of agility for 52 gold pieces
  4972 | D:7      | Noticed a two-headed ogre
  4979 | D:7      | Killed a two-headed ogre
  5081 | D:7      | Reached XP level 10. HP: 88/88 MP: 13/13
  5180 | D:7      | Found a shadowy altar of Dithmenos.
  5583 | D:8      | Noticed Erica
  5604 | D:8      | Killed Erica
  5604 | D:8      | Reached skill level 9 in Unarmed Combat
  5611 | D:8      | HP: 4/88 [howler monkey (5)]
  5901 | D:8      | Reached **** piety under Cheibriados
  6237 | D:8      | Found a shattered altar of Ashenzari.
  6624 | D:9      | Reached skill level 10 in Unarmed Combat
  6685 | D:9      | Found a staircase to the Lair.
  6701 | D:9      | Noticed a two-headed ogre
  6707 | D:9      | Killed a two-headed ogre
  6707 | D:9      | Reached XP level 11. HP: 41/94 MP: 6/14
  6712 | D:9      | Reached skill level 5 in Evocations
  6847 | D:9      | Reached ***** piety under Cheibriados
  6900 | D:9      | Noticed a two-headed ogre
  6909 | D:9      | Killed a two-headed ogre
  7344 | D:9      | Found a sparkling altar of Nemelex Xobeh.
  7483 | D:10     | Entered Level 10 of the Dungeon
  7843 | D:10     | Noticed an ogre mage
  7846 | D:10     | Noticed a rakshasa
  7848 | D:10     | Noticed an orc knight
  7850 | D:10     | Killed an ogre mage
  7850 | D:10     | Reached skill level 1 in Armour
  7859 | D:10     | Killed an orc knight
  8480 | D:10     | Found Astrerphui's Book Emporium.
  8483 | D:10     | Bought a book of Callings for 450 gold pieces
  8558 | D:10     | Noticed an orc sorcerer
  8565 | D:10     | Killed an orc sorcerer
  8565 | D:10     | Reached skill level 11 in Unarmed Combat
  8607 | D:10     | Noticed an orc sorcerer
  8607 | D:10     | Paralysed by an orc sorcerer for 2 turns
  8613 | D:10     | HP: 1/94 [rakshasa/trident (7)]
  8613 | D:10     | Slain by a rakshasa (illusionary)

Vault maps used:
D:1:      dpeg_arrival_concentric_ovals, serial_bayou_pond_a, nrook_mini_vaults,
          kennysheep_nondescript
D:2:      old_standard_altar, kiku_gazebo_garden_becter,
          chequers_ecumenical_altar_twisty
D:3:      old_standard_altar
D:4:      kennysheep_six_static_rooms, lemuel_doored_altar,
          minmay_temple_entry_statues, serial_shops, shop_coins,
          minmay_misc_feat_encased, uniq_pikel
D:5:      wad_woods_tower, lemuel_round_altar, enter_ossuary_4, first_bread,
          gup_sewer_entry_pipe, hangedman_decor_push,
          makhleb_blood_cavern_becter
D:6:      serial_shops, shop
D:7:      grunt_dithmenos_smoke, serial_shops, shop, kennysheep_small_spiral,
          uniq_duvessa
D:8:      nicolae_ashenzari_panopticon, grunt_livestock, uniq_erica
D:9:      nemelex_altar_shiori, david_lair_generic
D:10:     minmay_distorted_concentric_squares, serial_shops, kennysheep_mini
Ossuary:  ossuary_tomb_3

Skill      XL: |  1  2  3  4  5  6  7  8  9 10 11 |
---------------+----------------------------------+-----
Dodging        | 3 |  3.3
Shields        | 3 4 5 6 7 8 9 |  9.5
Unarmed Combat | 3 4 5 7 8 10 11 | 11.0
Invocations    | 3 5 6 |  6.0
Evocations     | 2 4 5 |  5.5
Armour         | 2 |  2.0
Fighting       | |  2.4

Action                   |  1- 3 |  4- 6 |  7- 9 | 10-12 || total
-------------------------+-------+-------+-------+-------++-------
Melee: Unarmed           |   100 |    65 |   352 |   346 ||   863
Evoke: Wand              |       |       |     1 |     6 ||     7
  Use: Potion            |       |     1 |     2 |     5 ||     8
       Scroll            |       |       |    13 |     6 ||    19
 Stab: Confused          |       |       |       |     3 ||     3
       Sleeping          |       |       |       |     2 ||     2
  Eat: Chunk             |    17 |     6 |    23 |    19 ||    65
Armor: Robe              |    22 |    20 |    68 |    21 ||   131
       Skin              |       |       |       |    13 ||    13
       Acid dragon scale |       |       |       |    36 ||    36
Dodge: Dodged            |    21 |    12 |   123 |   105 ||   261
Block: Shield            |    32 |    21 |   175 |   186 ||   414
